 Dungeon Crawl Stone Soup version 0.31.0-32-g396128a36d (webtiles) character file.

Game seed: 1472920145201062023

72 SSird the Trooper (level 4, -2/29 HPs)
             Began as a Gargoyle Fighter on Apr 3, 2024.
             Splashed by a jelly's acid (8 damage)
             ... on level 2 of the Dungeon.
             The game lasted 00:12:06 (1388 turns).

SSird the Trooper (Gargoyle Fighter)                Turns: 1388, Time: 00:12:06

Health: -2/29      AC:  7    Str: 21    XL:     4   Next: 26%
Magic:  4/4        EV:  5    Int:  9    God:
Gold:   33         SH:  4    Dex:  9    Spells: 3/3 levels left

rFire   . . .        a - +0 flail
rCold   . . .        c - +0 buckler
rNeg    + . .        b - +0 plate armour
rPois   ∞            (no helmet)
rElec   +            f - scarf {repulsion}
rCorr   .            (no gloves)
SInv    .            (no boots)
Will    .....        (no amulet) Stlth
                     (no ring)
HPRegen 0.24/turn    (no ring)
MPRegen 0.09/turn

%: repel missiles
@: corroded
A: sickness immunity, AC +3, negative energy resistance 1, electricity
resistance, torment resistance 1, petrification resistance
a: no special abilities


You were on level 2 of the Dungeon.
You visited 1 branch of the dungeon, and saw 2 of its levels.

You collected 33 gold pieces.

Inventory:

Hand Weapons
 a - a +0 flail (weapon)
Armour
 b - a +0 plate armour (worn)
 c - a +0 buckler (worn)
 f - a scarf of repulsion (worn)
 j - a +2 leather armour of cold resistance
Scrolls
 e - a scroll of enchant weapon {unknown}
 i - a scroll of identify {unknown}
 k - a scroll of acquirement {unknown}
Potions
 d - a potion of might
 g - a potion of curing {unknown}
 h - a potion of ambrosia {unknown}


   Skills:
 + Level 3.8 Fighting
 * Level 3.1 Maces & Flails
 + Level 3.8 Armour
 + Level 3.8 Shields


You had 3 spell levels left.
You didn't know any spells.
Your spell library was empty.

Dungeon Overview and Level Annotations

Branches:
Dungeon (2/15)

Altars:
Cheibriados
Fedhas
Ru
Uskayaw
Yredelemnul
Zin


Innate Abilities, Weirdness & Mutations

You are immune to sickness and miasma.
Your stone body is resilient. (AC +3)
You are immune to poison.
You resist negative energy. (rN+)
You are resistant to electric shocks. (rElec)
You are resistant to unholy torment.
You are immune to petrification.


Message History

You thump the jelly!
Your hands burn!
The jelly is almost dead.
The jelly hits you.
You are splashed with acid!
You are too injured to fight recklessly!
You are too injured to fight recklessly!
Things that are here:
a +0 short sword; 5 stones The jelly barely misses you.
The jelly attacks as it pursues you! The jelly hits you but does no damage.
You hit the jelly.
You kill the jelly!
The endoplasm hits you but does no damage.
Your Maces & Flails skill increases to level 3!
You have reached level 4!
You feel clever.
You thump the endoplasm!
You kill the endoplasm!
You sock the endoplasm!
You kill the endoplasm!
You hit the jelly. The acid corrodes you!
Your hands burn!
The jelly is moderately wounded.
The jelly hits you but does no damage. x2
You hit the jelly.
Your hands burn!
The jelly is heavily wounded.
The jelly hits you but does no damage.
You barely miss the jelly.
The jelly is heavily wounded.
The jelly hits you but does no damage.
You hit the jelly but do no damage. The acid corrodes you!
Your hands burn!
* * * LOW HITPOINT WARNING * * *
The jelly is heavily wounded.
The jelly hits you but does no damage. x2
You barely miss the jelly.
The jelly is heavily wounded.
The jelly hits you but does no damage.
There is an open door here.
The jelly attacks as it pursues you! The jelly hits you.
* * * LOW HITPOINT WARNING * * *
You are splashed with acid!
You die...

.....†..###
.J...J÷P.# ...#.####
...P.J.P÷# #.##.###
.....J...# .......#
.J÷J.P...# .#####.#
#######J# .# #.#
##.JJJJJ## .# #.#
#J######## .# #.#
##J.J....# .#####.#
####@...# .......#
#.......# .....###
####.......#
###[..####.##.......#
#.......'.##..(....#
##...####.###.....##
#...## ### ##...##
#.#.# ###'''###
##.#.# #.......#


You could see a jelly and 2 endoplasms.

Vanquished Creatures
  A jelly (D:2)
  An adder (D:2)
  4 ball pythons (D:1)
  7 endoplasms
  A giant cockroach (D:1)
  A goblin (D:1)
  4 jackals (D:2)
  6 kobolds
  3 quokkas
  2 bats
  2 rats (D:1)
32 creatures vanquished.

Notes
Turn   | Place    | Note
-------+----------+-------------------------------------------
     0 | D:1      | SSird the Gargoyle Fighter began the quest for the Orb.
     0 | D:1      | Reached XP level 1. HP: 14/14 MP: 1/1
   389 | D:1      | Reached XP level 2. HP: 15/19 MP: 2/2
  1186 | D:2      | Reached XP level 3. HP: 17/23 MP: 3/3
  1364 | D:2      | Found a snail-covered altar of Cheibriados.
  1364 | D:2      | Found a blossoming altar of Fedhas.
  1364 | D:2      | Found a basalt altar of Yredelemnul.
  1364 | D:2      | Found a sacrificial altar of Ru.
  1364 | D:2      | Found a hide-covered altar of Uskayaw.
  1364 | D:2      | Found a glowing silver altar of Zin.
  1380 | D:2      | Reached XP level 4. HP: 15/29 MP: 4/4
  1388 | D:2      | Splashed by a jelly's acid

Illustrated notes

Levels and vault maps discovered:
D:1:      psy_arrival_spokes, layout_loops_ring
D:2:      cheibrodos_fertilizer, layout_loops_corners,
          minmay_goblin_kobold_house, uniq_terence

Skill      XL: |  1  2  3 |
---------------+----------+-----
Maces & Flails | 3 |  3.1
Fighting       | |  3.8
Armour         | |  3.8
Shields        | |  3.8

Action                     |  1- 3 |  4- 6 || total
---------------------------+-------+-------++-------
  Melee: Flail             |   127 |     7 ||   134
 Armour: Scale mail        |    67 |       ||    67
         Leather armour    |    29 |       ||    29
         Plate armour      |    23 |     8 ||    31
  Dodge: Dodged            |    86 |       ||    86
  Block: Buckler           |    35 |       ||    35
